AoeStats
← Iamak3186

Arabia

503582678Analyzed
1v1 RM · 1mo ago on Sep 1, 2026· 56m 34s· 2 players
Game mode
Random Map
Map size
Tiny (2 player)
Population
200
Speed
Normal
Resources
Standard
Victory
Conquest
Starting age
Dark Age
Ending age
Imperial Age
RankedLock teamsTeams togetherTeam positionsShared explorationLock speedFull tech treeHidden civsTurbo modeCheats
Victory
Defeat
1265
+17
🇮🇳 Mongols · India
1291
-17
Robin Hood & The Merry Duursmas
8:48 Loom
10:33 Feudal Age
17:06 Castle Age
15:15 Double-Bit Axe
15:33 Horse Collar
21:09 Wheelbarrow
21:26 Scale Barding Armor
21:54 Gold Mining
22:53 Husbandry
23:23 Bloodlines
23:52 Fletching
24:35 Forging
25:25 Chain Barding Armor
25:08 Stone Mining
26:17 Iron Casting
27:02 Hand Cart
34:15 Kamandaran
35:05 Bow Saw
37:58 Imperial Age
36:23 Bodkin Arrow
37:02 Thumb Ring
36:18 Crossbowman
37:52 Cavalier
40:01 Two-Man Saw
39:26 Ballistics
41:39 Gold Shaft Mining
41:40 Stone Shaft Mining
42:05 Plate Barding Armor
41:31 Light Cavalry
43:48 Blast Furnace
43:36 Savar
Iamak3186
5:14 Loom
7:56 Feudal Age
8:46 Double-Bit Axe
14:54 Horse Collar
18:47 Castle Age
17:11 Gold Mining
18:28 Fletching
18:56 Bloodlines
19:50 Bodkin Arrow
21:04 Bow Saw
26:02 Ballistics
30:55 Scale Barding Armor
32:05 Wheelbarrow
34:50 Gold Shaft Mining
36:10 Chain Barding Armor
36:35 Stone Mining
39:40 Imperial Age
37:47 Husbandry
39:08 Heavy Plow
39:49 Forging
39:12 Light Cavalry
39:46 Heavy Camel Rider
41:13 Iron Casting
42:39 Conscription
46:16 Blast Furnace
47:45 Hoardings
49:44 Hussar
55:27 Bracer
Connection lost

Rejoining the realm…

Still unreachable

The connection could not be restored.

Session expired

The server has moved on; the page needs a fresh start.